 Dungeon Crawl Stone Soup version 0.21.1-1-g345015f (webtiles) character file.

29 tidbits the Chiller (level 3, 0/25 HPs)
             Began as a Gnoll Ice Elementalist on Apr 6, 2018.
             Slain by a killer bee zombie (4 damage)
             ... on level 3 of the Dungeon.
             The game lasted 00:03:38 (389 turns).

tidbits the Chiller (Gnoll Ice Elementalist)         Turns: 389, Time: 00:03:39

Health: 0/25       AC: 10    Str: 10    XL:     3   Next: 16%
Magic:  9/9        EV: 14    Int: 18    God:
Gold:   63         SH:  0    Dex: 15    Spells: 6/12 levels left

rFire    . . .     SeeInvis .   h - +0 mace
rCold    . . .     Gourm    .   (no shield)
rNeg     . . .     Faith    .   d - +0 robe
rPois    .         Spirit   .   E - +2 hat
rElec    .         Reflect  .   (no cloak)
rCorr    .         Harm     .   (no gloves)
MR       .....                  (no boots)
Stlth    +++.......             (no amulet)
HPRegen  0.08/turn              (no ring)
MPRegen  0.11/turn              (no ring)

@: icy armour (expiring), slow
A: distributed training, fangs 1, strong nose
a: no special abilities


You were on level 3 of the Dungeon.
You were not hungry.

You visited 1 branch of the dungeon, and saw 4 of its levels.

You collected 63 gold pieces.

Inventory:

Hand Weapons
 a - a +0 dagger
 h - a +0 mace (weapon)
 i - a +0 short sword
Missiles
 e - 6 needles of paralysis
Armour
 d - a +0 robe (worn)
 m - a +0 ring mail
 E - a +2 hat (worn)
Scrolls
 f - a scroll of remove curse {unknown}
 g - 2 scrolls of teleportation {unknown}
 k - a scroll of identify {unknown}
 n - a scroll of fog {unknown}
 o - a scroll of fear {unknown}
Books
 b - a book of Frost

   Spells                             Type                      Level
   a - Freeze                         Ice                          1
   b - Throw Frost                    Conjuration/Ice              2
   c - Ozocubu's Armour               Charms/Ice                   3
   d - Throw Icicle                   Conjuration/Ice              4
   e - Summon Ice Beast               Ice/Summoning                4
Comestibles
 c - 5 rations


   Skills:
 + Level 0.6 Fighting
 + Level 0.6 Short Blades
 + Level 0.6 Long Blades
 + Level 0.6 Axes
 + Level 0.6 Maces & Flails
 + Level 0.6 Polearms
 + Level 0.6 Staves
 + Level 0.6 Slings
 + Level 0.6 Bows
 + Level 0.6 Crossbows
 + Level 0.6 Throwing
 + Level 0.6 Armour
 + Level 4.5 Dodging
 + Level 4.1 Stealth
 + Level 0.6 Shields
 + Level 0.6 Unarmed Combat
 + Level 5.0 Spellcasting
 + Level 2.1 Conjurations
 + Level 0.4 Hexes
 + Level 0.4 Charms
 + Level 0.4 Summonings
 + Level 0.4 Necromancy
 + Level 0.4 Translocations
 + Level 0.4 Transmutations
 + Level 0.4 Fire Magic
 + Level 5.4 Ice Magic
 + Level 0.4 Air Magic
 + Level 0.4 Earth Magic
 + Level 0.4 Poison Magic
 + Level 0.8 Invocations
 + Level 0.6 Evocations


You had 6 spell levels left.
You knew the following spells:

 Your Spells              Type           Power        Failure   Level  Hunger
a - Freeze                Ice            ###.         1%          1    None
j - Throw Frost           Conj/Ice       ###...       4%          2    #......
o - Ozocubu's Armour      Chrm/Ice       ###.....     12%         3    ##.....


Dungeon Overview and Level Annotations

Branches:
Dungeon (4/15)
 Temple: D:4-7

Altars:
Makhleb


Innate Abilities, Weirdness & Mutations

Your experience applies equally to all skills.
You have very sharp teeth.
Your uncanny sense of smell can sniff out nearby items.


Message History

Aim: a jackal (severely wounded)
You freeze the jackal.
You kill the jackal!
The jackal closely misses you.
Casting: Freeze
Confirm with . or Enter, or press ? or * to list all spells.
Aiming: Freeze
Press: ? - help, Shift-Dir - straight line, f - jackal
Aim: a jackal You freeze the jackal.
You kill the jackal!
The killer bee zombie closely misses you.
You barely miss the killer bee zombie. You bite the killer bee zombie.
The killer bee zombie is lightly damaged.
The killer bee zombie hits you but does no damage.
The killer bee zombie hits you!
You hit the killer bee zombie.
The killer bee zombie is lightly damaged.
The killer bee zombie hits you but does no damage.
The killer bee zombie hits you!
* * * LOW HITPOINT WARNING * * *
The killer bee zombie closely misses you.
It was a potion of curing.
You feel better.
The killer bee zombie hits you but does no damage.
The killer bee zombie closely misses you.
You barely miss the killer bee zombie.
The killer bee zombie is lightly damaged.
The killer bee zombie closely misses you. x2
You barely miss the killer bee zombie.
The killer bee zombie is lightly damaged.
The killer bee zombie barely misses you.
The killer bee zombie hits you.
A jackal comes into view.
The jackal barks!
You hit the killer bee zombie.
The killer bee zombie is moderately damaged.
You hear a bark! x2; You hear a shout!
The killer bee zombie barely misses you.
The killer bee zombie misses you.
The killer bee zombie barely misses you.
A jackal comes into view.
It was a potion of magic.
Magic courses through your body.
The jackal moves out of view.
The killer bee zombie hits you but does no damage.
You closely miss the killer bee zombie.
The killer bee zombie is moderately damaged.
The killer bee zombie barely misses you.
The killer bee zombie hits you.
* * * LOW HITPOINT WARNING * * *
The killer bee zombie barely misses you.
A jackal comes into view.
The jackal barks!
You thump the killer bee zombie!
The killer bee zombie is heavily damaged.
The killer bee zombie misses you. The killer bee zombie hits you.
* * * LOW HITPOINT WARNING * * *
Unknown command.
You miss the killer bee zombie.
The killer bee zombie is heavily damaged.
The killer bee zombie misses you. x2
The killer bee zombie barely misses you.
You hit the killer bee zombie.
The killer bee zombie is severely damaged.
The killer bee zombie misses you.
The killer bee zombie barely misses you.
A jackal comes into view.
The jackal barks!
You thump the killer bee zombie!
The killer bee zombie is almost destroyed.
The killer bee zombie closely misses you.
The jackal moves out of view.
The killer bee zombie hits you but does no damage.
The killer bee zombie closely misses you.
You barely miss the killer bee zombie.
The killer bee zombie is almost destroyed.
The killer bee zombie closely misses you.
The killer bee zombie barely misses you.
You hit the killer bee zombie but do no damage.
The killer bee zombie is almost destroyed.
Your icy armour starts to melt.
The killer bee zombie hits you but does no damage.
The killer bee zombie barely misses you.
The killer bee zombie hits you but does no damage.
You barely miss the killer bee zombie.
The killer bee zombie is almost destroyed.
The killer bee zombie hits you.
* * * LOW HITPOINT WARNING * * *
The killer bee zombie hits you.
* * * LOW HITPOINT WARNING * * *
Unknown command.
You closely miss the killer bee zombie.
The killer bee zombie is almost destroyed.
The killer bee zombie hits you but does no damage. x2
The killer bee zombie hits you.
* * * LOW HITPOINT WARNING * * *
You barely miss the killer bee zombie.
The killer bee zombie is almost destroyed.
The killer bee zombie hits you but does no damage.
The killer bee zombie hits you.
You die...

#...# #.# #...#
#.#.# #...# # #.#.#
#...# # #.#.#
#...### #.#.#
#...g.. #.#.#
#.._... #.#.#####
##......
####.#.#rZ@..##
#.......
......hhh###..#
#....... ...#####.#
##.# ##.####. #.#
#.## ##.# #. #.#
#..#####..# #) #.#
##...#...## #.
#....####.#.####....
#.##g. #...# ..##.
#.###. ##### .###.


You could see a killer bee zombie, a quokka and 3 jackals.

Vanquished Creatures
  An adder (D:3)
  A giant cockroach (D:2)
  A goblin (D:2)
  4 hobgoblins
  4 jackals (D:3)
  A quokka (D:3)
  A bat (D:1)
  2 frilled lizards (D:1)
  A kobold (D:1)
  2 rats (D:1)
18 creatures vanquished.

Notes
Turn   | Place    | Note
-------+----------+-------------------------------------------
     0 | D:1      | tidbits the Gnoll Ice Elementalist began the quest for the Orb.
     0 | D:1      | Reached XP level 1. HP: 13/13 MP: 6/6
   130 | D:1      | Reached skill level 2 in Conjurations
   136 | D:1      | Reached XP level 2. HP: 19/19 MP: 3/7
   140 | D:1      | Learned a level 2 spell: Throw Frost
   292 | D:4      | Noticed a phantom
   292 | D:4      | Noticed a scorpion
   322 | D:3      | Found a burning altar of Makhleb.
   352 | D:3      | Reached XP level 3. HP: 25/25 MP: 9/9
   357 | D:3      | Learned a level 3 spell: Ozocubu's Armour
   369 | D:3      | Reached skill level 5 in Spellcasting
   389 | D:3      | Slain by a killer bee zombie

Skill      XL: |  1  2  3 |
---------------+----------+-----
Conjurations   | 2 |  2.1
Spellcasting   | 5 |  5.0
Fighting       | |  0.6
Short Blades   | |  0.6
Long Blades    | |  0.6
Axes           | |  0.6
Maces & Flails | |  0.6
Polearms       | |  0.6
Staves         | |  0.6
Slings         | |  0.6
Bows           | |  0.6
Crossbows      | |  0.6
Throwing       | |  0.6
Armour         | |  0.6
Dodging        | |  4.5
Stealth        | |  4.1
Shields        | |  0.6
Unarmed Combat | |  0.6
Hexes          | |  0.4
Charms         | |  0.4
Summonings     | |  0.4
Necromancy     | |  0.4
Translocations | |  0.4
Transmutations | |  0.4
Fire Magic     | |  0.4
Ice Magic      | |  5.4
Air Magic      | |  0.4
Earth Magic    | |  0.4
Poison Magic   | |  0.4
Invocations    | |  0.8
Evocations     | |  0.6

Action                   || total
-------------------------++-------
Melee: Dagger            ||     6
       Mace              ||    21
       Bite              ||     1
 Cast: Freeze            ||    13
       Ozocubu's Armour  ||     1
  Use: Potion            ||     2
 Stab: Sleeping          ||     5
Armor: Robe              ||    21
Dodge: Dodged            ||    29

Table legend:
 A = Turns spent in this place as a percentage of turns spent in the entire game.
 B = Non-inter-level travel turns spent in this place as a percentage of non-inter-level travel turns spent in the entire game.
 C = Inter-level travel turns spent in this place as a percentage of turns spent in this place.
 D = Turns resting spent in this place as a percentage of non-inter-level travel turns spent in this place.
 E = Turns spent auto-exploring this place as a percentage of non-inter-level travel turns spent in this place.
 F = Non-inter-level travel turns spent in this place divided by the number of levels of this place that you've seen.
                   A       B       C       D       E      F
               +-------+-------+-------+-------+-------+----------------------
         Total | 100.0 | 100.0 |   0.0 |   0.0 |   0.0 |  97.2
       Dungeon | 100.0 | 100.0 |   0.0 |   0.0 |   0.0 |  97.2
               +-------+-------+-------+-------+-------+----------------------

Table legend:
 A = Kills in this place as a percentage of kills in entire the game.
 B = Kills by you in this place as a percentage of kills by you in the entire game.
 C = Kills by friends in this place as a percentage of kills by friends in the entire game.
 D = Other kills in this place as a percentage of other kills in the entire game.
 E = Experience gained in this place as a percentage of experience gained in the entire game.
 F = Experience gained in this place divided by the number of levels of this place that you have seen.
                   A       B       C       D       E      F
               +-------+-------+-------+-------+-------+----------------------
         Total | 100.0 | 100.0 |   N/A |   N/A | 100.0 |  10.5
       Dungeon | 100.0 | 100.0 |   N/A |   N/A | 100.0 |  10.5
               +-------+-------+-------+-------+-------+----------------------

Vault maps used:
D:1:      eino_arrival_cavern_e
D:2:      nicolae_overflow_hidden_temple, first_ration,
          kennysheep_generic_room_11
D:3:      bloody_makhleb, serial_co_window_serial, co_window_paths_a,
          co_window_of_opportunity_a, co_window_corner_a, co_window_cross_1,
          co_window_of_opportunity_a, co_window_corner_b, co_window_paths_c,
          co_window_broadway_b, co_window_corner_cb, co_window_paths_c,
          co_window_sun, glass_columns_a, glass_columns_a, glass_columns_a,
          glass_columns_a
D:4:      minmay_mini_ossuary
